Map: Acropolis LE

Players

Serral - Winner!

  • Race: Zerg Zerg
  • League: Grandmaster
  • Spawn Location: 11:00

RlSky (RiSky)

  • Race: Zerg Zerg
  • League: Master
  • Spawn Location: 5:00

Event: HomeStory Cup XIX

VOD

Have the link to the VOD?

Description

Time

  • Played on: June 27, 2019, 2:17 p.m.
  • Length: 6:54

All games in this series

Show
View Real Time Build Order
Export as new Build Order

Serral Zerg - Winner!

Build Orders: Hatch First, Zergling Baneling 

Get SALT Encoding   

  12  0:00  Drone  
  13  0:12  Overlord  
  13  0:16  Drone  
  14  0:31  Drone x2  
  16  0:47  Hatchery  
  15  0:51  Drone  
  15  0:54  Drone  
  17  0:57  Drone  
  18  1:08  Extractor  
  17  1:13  Spawning Pool  
  17  1:15  Drone  
  17  1:18  Drone  
  18  1:28  Drone  
  19  1:38  Drone  
  20  1:57  Overlord  
  20  2:00  Queen x2  
  24  2:02  Zergling x4  
  24  2:07  Metabolic Boost  
  26  2:10  Drone  
  26  2:11  Drone  
  28  2:20  Drone  
  28  2:21  Drone  
  30  2:33  Hatchery  
  30  2:36  Drone  
  30  2:39  Drone  
  31  2:44  Baneling Nest  
  31  2:48  Drone  
  31  2:56  Overlord  
  31  2:57  Zergling x2  
  31  2:58  Drone  
  33  3:07  Drone  
  33  3:08  Drone  
  33  3:10  Drone  
  36  3:14  Zergling x10  
  36  3:19  Overlord  
  41  3:26  Zergling x2  
  42  3:27  Queen  
  42  3:29  Baneling x2  
  44  3:38  Drone x2  
  44  3:40  Drone x2, Evolution Chamber  
  47  3:42  Drone  
  47  3:45  Drone  
  47  3:47  Drone  
  47  3:48  Drone  
  51  3:52  Overlord  
  51  3:54  Baneling  
  51  3:55  Baneling  
  50  3:57  Drone  
  50  4:02  Overlord  
  51  4:03  Zergling x2  
  51  4:04  Drone  
  51  4:07  Zerg Missile Weapons Level 1  
  53  4:10  Drone  
  53  4:11  Drone  
  53  4:15  Drone x2  
  53  4:16  Drone  
  58  4:18  Drone  
  58  4:23  Overlord  
  58  4:24  Drone x2  
  61  4:28  Zergling x2  
  61  4:29  Zergling x2  
  61  4:31  Drone x2  
  63  4:41  Extractor  
  63  4:42  Zergling x4, Extractor, Roach Warren  
  63  4:43  Zergling x4  
  64  4:48  Zergling x12  
  64  4:51  Overlord  
  70  4:55  Baneling  
  70  4:56  Baneling  
  70  4:58  Baneling x4  
  70  4:59  Zergling x6  
  73  5:07  Overlord  
  73  5:09  Overlord  
  73  5:20  Zergling x8  
  73  5:28  Overlord  
  73  5:29  Roach x8  
  73  5:32  Roach  
  88  5:36  Roach  
  88  5:37  Roach  
  88  5:42  Roach  
  93  5:44  Roach  
  93  5:46  Roach  
  92  5:51  Roach  
  94  6:00  Roach  
  94  6:01  Roach x2  
  100  6:05  Zergling x2  
  100  6:06  Zergling x16  
  105  6:14  Zergling x4  
  106  6:23  Zergling x2  
  106  6:24  Zergling x2  
  107  6:29  Overlord  
  107  6:30  Zergling x12  
Show
View Real Time Build Order
Export as new Build Order

RlSky Zerg 

Build Orders: Hatch First 

Get SALT Encoding   

  12  0:00  Drone  
  13  0:12  Overlord  
  13  0:16  Drone  
  14  0:30  Drone x2  
  16  0:47  Hatchery  
  15  0:50  Drone  
  15  0:54  Drone  
  17  0:58  Drone  
  18  1:08  Extractor  
  17  1:13  Spawning Pool  
  17  1:15  Drone  
  17  1:20  Drone  
  18  1:27  Drone  
  19  1:38  Drone  
  20  1:48  Drone  
  21  1:59  Overlord  
  21  2:00  Drone, Queen x2  
  26  2:10  Metabolic Boost, Drone x2  
  28  2:21  Drone  
  28  2:22  Zergling x2  
  30  2:31  Hatchery  
  30  2:34  Zergling x2  
  30  2:36  Zergling x2  
  31  2:41  Overlord  
  31  2:49  Baneling Nest  
  31  2:50  Drone  
  31  2:56  Drone x2  
  33  3:04  Drone  
  34  3:09  Drone x2  
  34  3:10  Drone x2  
  34  3:12  Drone  
  39  3:13  Drone  
  39  3:19  Overlord  
  40  3:20  Evolution Chamber  
  40  3:22  Zergling x4  
  41  3:30  Drone  
  41  3:31  Drone  
  41  3:33  Baneling x2  
  43  3:36  Queen  
  43  3:38  Baneling  
  43  3:41  Zergling x8  
  47  3:46  Overlord  
  48  3:53  Drone x2  
  48  3:55  Drone x2  
  52  3:57  Extractor x2  
  52  3:58  Baneling  
  52  4:02  Drone  
  51  4:04  Drone  
  51  4:06  Drone x2  
  54  4:17  Drone x2  
  56  4:18  Drone  
  56  4:19  Extractor  
  56  4:20  Drone  
  56  4:21  Drone  
  56  4:24  Lair  
  57  4:27  Drone  
  57  4:29  Drone  
  56  4:31  Drone  
  56  4:33  Drone  
  56  4:38  Drone x2  
  60  4:41  Drone  
  60  4:45  Drone x2  
  63  4:46  Zergling x2  
  63  4:49  Queen  
  63  4:52  Overlord  
  66  4:56  Overlord  
  66  4:59  Baneling x3  
  66  5:00  Baneling x2  
  66  5:01  Overlord  
  64  5:16  Overlord  
  64  5:18  Baneling x2  
  64  5:19  Baneling  
  64  5:20  Zergling x26  
  75  5:23  Overlord  
  75  5:26  Queen  
  77  5:29  Zergling x2  
  77  5:30  Baneling  
  77  5:31  Baneling  
  77  5:33  Zergling x4  
  74  5:43  Baneling  
  74  5:44  Baneling  
  70  5:50  Drone  
  70  5:51  Queen  
  70  5:53  Drone, Spire  
  70  5:56  Drone, Extractor  
  70  5:57  Extractor  
  72  5:58  Baneling x3  
  72  6:00  Drone x4  
  72  6:03  Drone  
  76  6:07  Drone  
  76  6:10  Drone  
  74  6:15  Zergling x2  
  74  6:16  Zergling x2  
  74  6:19  Zergling x2  
  74  6:20  Spine Crawler x2  
  74  6:25  Zergling x8  
  76  6:31  Zergling x4  
  80  6:34  Baneling x4  
  80  6:36  Zergling x2  
  80  6:39  Baneling x2  
Tags
 
Add a new tag
Caveats
  • Supply blocks, unpowered buildings, or Contaminate may cause inaccurate times.
  • Supply counts are checked every 10 seconds.